 Dungeon Crawl Stone Soup version 0.31-a0-889-g1a8549509d (webtiles) character file.

Game seed: 7549315324842846278

1394 LeprechaunX the Changeling (level 8, -1/48 HPs)
             Began as an Octopode Shapeshifter on Oct 16, 2023.
             Was a Follower of Hepliaklqana.
             Killed from afar by a white imp (16 damage)
             ... with a puff of frost
             ... on level 6 of the Dungeon.
             The game lasted 00:06:51 (5956 turns).

LeprechaunX the Changeling (Octopode Shapeshifter)  Turns: 5956, Time: 00:06:52

Health: -1/48      AC:  1    Str: 15    XL:     8   Next: 68%
Magic:  8/8        EV: 15    Int: 13    God:    Hepliaklqana [*.....]
Gold:   404        SH:  0    Dex: 17    Spells: 7/7 levels left

rFire   + .          .
                       - Unarmed
rCold   x . .        (no shield)
rNeg    . . .        (helmet currently unavailable)
rPois   .            (no amulet)
rElec   .            B - +6 ring of dexterity
rCorr   .            E - ring of willpower
SInv    .            o - ring of fire
Will    +....        (no ring)
Stlth   +++          (no ring)
HPRegen 0.28/turn    (no ring)
MPRegen 0.11/turn    (no ring)
                     (no ring)

%: no passive effects
@: beast-form
A: beast (slay +3), reduced essence, almost no armour, amphibious, 8 rings,
camouflage 1, gelatinous body 1, (nimble swimmer 1), tentacles
a: Begin Untransformation, Renounce Religion, Recall Ancestor, Ancestor Identity


You were on level 6 of the Dungeon.
You worshipped Hepliaklqana.
Hepliaklqana was aware of your devotion.
You were a hulking beast.
You visited 2 branches of the dungeon, and saw 7 of its levels.
You also visited: Ossuary.

You collected 404 gold pieces.

Inventory:

Missiles
 i - 5 javelins (quivered)
 k - 5 boomerangs
Armour
 t - a +2 hat
Jewellery
 o - a ring of fire (on tentacle)
 y - a ring of fire
 B - a +6 ring of dexterity (left tentacle)
 C - an amulet of magic regeneration
 E - a ring of willpower (right tentacle)
Talismans
 b - a beast talisman (active)
 c - a flux talisman
Wands
 u - a wand of paralysis (7)
Scrolls
 a - a scroll of blinking {unknown}
 e - 2 scrolls of immolation {unknown}
 g - 3 scrolls of fog {unknown}
 h - 3 scrolls of identify {unknown}
 l - 2 scrolls of poison {unknown}
 n - a scroll of torment {unknown}
 p - 2 scrolls of amnesia {unknown}
 s - a scroll of revelation {unknown}
 v - 3 scrolls of teleportation {unknown}
 w - 2 scrolls of silence {unknown}
 D - a scroll of enchant armour {unknown}
Potions
 d - 4 potions of curing {unknown}
 f - 2 potions of enlightenment {unknown}
 j - 3 potions of mutation {unknown}
 m - a potion of attraction {unknown}
 q - 2 potions of might {unknown}
 r - 4 potions of heal wounds {unknown}
 x - 2 potions of degeneration {unknown}
 z - a potion of berserk rage {unknown}
 A - a potion of ambrosia {unknown}


   Skills:
 + Level 4.3 Fighting
 + Level 4.8 Dodging
 + Level 5.2 Unarmed Combat
 + Level 3.1 Evocations
 * Level 6.5 Shapeshifting


You had 7 spell levels left.
You didn't know any spells.
Your spell library contained the following spells:

 Spells                   Type           Power      Damage    Failure   Level
 Apportation              Tloc           0%         N/A       30%         1
 Foxfire                  Conj/Fire      0%         2x1d4     30%         1
 Necrotise                Necr           0%         1d4       30%         1
 Jinxbite                 Hex            0%         N/A       43%         2
 Vampiric Draining        Necr           0%         2d6       67%         3
 Agony                    Necr           0%         N/A       100%        5
 Alistair's Intoxication  Tmut/Pois      0%         N/A       100%        5
 Plasma Beam              Fire/Air       0%         2x1d10    100%        6
 Starburst                Conj/Fire      0%         6d3       100%        6


Dungeon Overview and Level Annotations

Branches:
Dungeon (6/15)             Temple (1/1) D:4         Ossuary (visited)

Altars:
Ashenzari
Cheibriados
Dithmenos
Elyvilon
Hepliaklqana
Kikubaaqudgha
Makhleb
Nemelex Xobeh
Okawaru
Qazlal
Ru
Trog
Vehumet
Wu Jian
Xom
Yredelemnul

Shops:
D:1 =   D:5 *


Innate Abilities, Weirdness & Mutations

You are a hulking beast.
Your limbs bulge with bestial killing power. (Slay +3)
Your life essence is reduced to manifest your ancestor. (-10% HP)
You cannot wear most types of armour.
You are amphibious.
You can wear up to eight rings at the same time.
Your skin changes colour to match your surroundings (Stealth+).
Your rubbery body absorbs attacks. (AC +1, EV +1)
((You are camouflaged when in or above water. (Stealth+)))
You have tentacles for arms and can constrict up to eight enemies at once.


Message History

Eadwine resists.
The hound bites Eadwine.
Eadwine is destroyed!
Eadwine is still trapped in memory!
Unknown command.
The hound misses you. The hound bites you.
You bludgeon the hound! You grab the hound. You squeeze the hound!
You kill the hound!
The kobold throws a stone.
The stone hits you.
The kobold hits you with a +0 short sword.
You see here a hound corpse.
You tentacle-slap the kobold. You grab the kobold.
The kobold is severely wounded.
You constrict the kobold.
You kill the kobold!
You bludgeon the black bear! You grab the black bear.
The black bear is moderately wounded.
You constrict the black bear, but do no damage.
The black bear bites you. The black bear claws you.
The black bear barely misses you.
You completely miss the black bear.
The black bear is moderately wounded.
You constrict the black bear.
The black bear bites you but does no damage.
The black bear claws you. x2
You completely miss the black bear.
The black bear is moderately wounded.
You constrict the black bear. The black bear misses you.
The black bear claws you. x2
* * * LOW HITPOINT WARNING * * *
You tentacle-slap the black bear.
You tentacle-slap the black bear, but do no damage.
You squeeze the black bear.
The black bear is severely wounded.
You constrict the black bear.
The black bear goes berserk!
You bludgeon the black bear!
You kill the black bear!
The white imp gestures at you. The puff of frost hits you!
You feel a terrible chill!
You die...

#.....#<.>...## ....+
#.....#....#..###....
##
#.....#.#..#.......#
...
#....<#.....####.##.
....
#....(#####......##
..... #.....#
#####...#......
####### ##.........
#.#....... #h#.......
#)##...... #5# ...##.
#..##### ##..# ....
..... .....# ####...


You could see a white imp.

Vanquished Creatures
  3 water moccasins
  A black bear (D:6)
  An ice beast (D:5)
  An ogre (D:3)
  An elf zombie (Ossuary)
  2 scorpions
  A howler monkey (D:5)
  3 hounds
  A jelly (D:4)
  Jessica (D:2)
  Natasha (thrice) (D:4)
  Terence (D:2)
  An iguana (D:5)
  A sleepcap (D:5)
  4 mummies (Ossuary)
  2 hound zombies (Ossuary)
  3 gnolls (D:5)
  5 adders
  A shadow imp (D:5)
  A white imp (D:5)
  3 ufetubi
  2 worms
  4 dart slugs
  An orc (D:3)
  6 endoplasms
  2 giant cockroaches
  2 gnoll zombies (Ossuary)
  3 goblins
  6 hobgoblins
  3 jackals (D:2)
  2 kobolds
  6 quokkas
  11 ball pythons
  3 bats
  5 frilled lizards
  2 goblin zombies (Ossuary)
  A hobgoblin zombie (Ossuary)
  2 jackal zombies (Ossuary)
  A kobold zombie (Ossuary)
  An orc zombie (Ossuary)
  2 rats
105 creatures vanquished.

Vanquished Creatures (collateral kills)
  A black bear (D:5)
  A gnoll (D:5)
  2 adders
4 creatures vanquished.

Vanquished Creatures (others)
  An ancestor (D:6)
1 creature vanquished.

Grand Total: 110 creatures vanquished

Notes
Turn   | Place    | Note
-------+----------+-------------------------------------------
     0 | D:1      | LeprechaunX the Octopode Shapeshifter began the quest for
                  | the Orb.
     0 | D:1      | Reached XP level 1. HP: 13/13 MP: 1/1
    18 | D:1      | Found Danof's One-of-a-Kind Rings.
   204 | D:1      | Reached XP level 2. HP: 16/18 MP: 2/2
   354 | D:1      | You fall into a shaft and drop 1 floor!
   370 | D:2      | Noticed Terence
   377 | D:2      | Killed Terence
   378 | D:2      | Reached XP level 3. HP: 3/23 MP: 3/3
  1265 | D:2      | Reached XP level 4. HP: 29/29 MP: 4/4
  1279 | D:2      | Noticed Jessica
  1285 | D:2      | Killed Jessica
  1678 | D:3      | Reached skill level 4 in Shapeshifting
  1680 | D:3      | Found an ancient bone altar of Kikubaaqudgha.
  1819 | D:3      | Reached XP level 5. HP: 34/34 MP: 5/5
  2071 | D:3      | Noticed an ogre
  2082 | D:3      | Killed an ogre
  2545 | D:4      | Noticed Natasha
  2549 | D:4      | Found a staircase to the Ecumenical Temple.
  2554 | D:4      | Killed Natasha
  2555 | D:4      | Reached XP level 6. HP: 15/41 MP: 6/6
  2563 | Temple   | Entered the Ecumenical Temple
  2669 | Temple   | Became a worshipper of Hepliaklqana the Forgotten
  2790 | D:4      | Noticed Natasha
  2795 | D:4      | Killed Natasha
  2906 | D:4      | Found a burning altar of Makhleb.
  3095 | D:4      | Found a sacrificial altar of Ru.
  3339 | D:4      | Reached skill level 5 in Shapeshifting
  4045 | D:4      | Noticed Natasha
  4053 | D:4      | Killed Natasha
  4054 | D:4      | Reached XP level 7. HP: 32/46 MP: 7/7
  4070 | D:5      | Entered Level 5 of the Dungeon
  4070 | D:5      | Found a sand-covered staircase.
  4107 | Ossuary  | Entered an ossuary
  4272 | Ossuary  | Reached skill level 1 in Evocations
  4763 | D:5      | Found Xiur's Fire Supplies.
  4814 | D:5      | Reached * piety under Hepliaklqana
  4848 | D:5      | Found a bloodstained altar of Trog.
  5066 | D:5      | Found a snail-covered altar of Cheibriados.
  5080 | D:5      | Reached XP level 8. HP: 28/48 MP: 8/8
  5239 | D:5      | Reached skill level 6 in Shapeshifting
  5314 | D:5      | Found a radiant altar of Vehumet.
  5461 | D:5      | Reached skill level 5 in Unarmed Combat
  5956 | D:6      | Killed from afar by a white imp

Illustrated notes

Levels and vault maps discovered:
D:1:      dpeg_arrival_tiny_d, layout_loops_ring, nicolae_shop_unique_rings
D:2:      layout_basic, uniq_terence, uniq_jessica
D:3:      layout_loops_cross, lemuel_tele_altar,
          minmay_fractal_squares_diagonal_5
D:4:      layout_basic, makhleb_heckhound_becter, lemuel_round_altar,
          temple_statues, uniq_natasha
D:5:      layout_rooms, mainiacjoe_overflow_brackets, kennysheep_slug_shrine,
          fiery_altar_vehumet, nicolae_ossuary_entry_monument, st_stairs_6,
          nicolae_shop_fire_sale [nicolae_sub_dead_trees], minmay_pentangle
D:6:      layout_basic, nicolae_gozag_cash_rules_everything_around_me,
          uniq_pikel
Temple:   zaba_magenta_temple

Skill      XL: |  1  2  3  4  5  6  7  8 |
---------------+-------------------------+-----
Fighting       | 2 3 4 |  4.3
Shapeshifting  | 4 5 6 |  6.5
Dodging        | 3 4 |  4.8
Unarmed Combat | 4 5 |  5.2
Evocations     | 2 3 |  3.1

Action                     |  1- 3 |  4- 6 |  7- 9 || total
---------------------------+-------+-------+-------++-------
  Melee: Unarmed           |    55 |    86 |   122 ||   263
         Constrict         |    11 |    19 |    29 ||    59
         Tentacles         |    10 |    24 |    23 ||    57
         Punch             |     3 |     1 |     5 ||     9
  Throw: Javelin           |       |       |     7 ||     7
    Use: Potion            |       |       |     1 ||     1
   Stab: Sleeping          |     7 |     7 |     3 ||    17
 Armour: Skin              |    13 |    35 |    90 ||   138
  Dodge: Dodged            |    27 |    42 |    75 ||   144

Table legend: (Time is in decaauts)
 A = Elapsed time spent in this place.
 B = Non-inter-level travel time spent in this place.
 C = Inter-level travel time spent in this place.
 D = Time resting spent in this place.
 E = Time spent auto-exploring this place.
 F = Levels seen in this place.
 G = Mean time per level.
                   A        B        C        D        E       F      G
               +--------+--------+--------+--------+--------+-----+--------+
         Total |   5944 |   5296 |    648 |    437 |   4077 |   8 |  743.0 |
       Dungeon |   5271 |   4637 |    634 |    260 |   3728 |   6 |  878.5 |
        Temple |    121 |    107 |     14 |     91 |      0 |   1 |  121.0 |
       Ossuary |    551 |    551 |      0 |     86 |    349 |   1 |  551.0 |
               +--------+--------+--------+--------+--------+-----+--------+

Top non-repeatable levels by time:
     D:4: 1518 daAuts
     D:5: 1229 daAuts
     D:2: 1034 daAuts
     D:3: 794 daAuts
     D:1: 598 daAuts
 Ossuary: 551 daAuts
  Temple: 121 daAuts
     D:6: 95 daAuts
